 Dungeon Crawl Stone Soup version 0.24.0-1-gfbc8707 (webtiles) character file.

Game seed: 10413589376044533674, levelgen mode: deterministic

82366 flappity the Warrior (level 15, -5/141 HPs)
             Began as a Minotaur Fighter on Oct 27, 2019.
             Was the Champion of Okawaru.
             Slain by a vampire knight
             ... wielding a +0 long sword
             ... summoned by a boggart
              (13 damage)
             ... on level 2 of the Depths.
             The game lasted 01:03:53 (26922 turns).

flappity the Warrior (Minotaur Fighter)            Turns: 26922, Time: 01:03:53

Health: -5/141     AC: 24    Str: 22    XL:     15   Next: 29%
Magic:  20/21      EV:  4    Int:  8    God:    Okawaru [******]
Gold:   357        SH:  0    Dex: 23    Spells: 14/14 levels left

rFire    + + .     SeeInvis +   G - +7 eveningstar (drain)
rCold    + . .     Gourm    .   H - +2 buckler "Deniges" {rF++ rC+}
rNeg     . . .     Faith    +   C - +0 plate armour
rPois    .         Spirit   .   w - +2 hat {Int+3}
rElec    .         Reflect  .   J - scarf {repulsion}
rCorr    .         Harm     .   N - +2 pair of gloves {Dex+3}
MR       +....                  A - +1 pair of boots {Fly}
Stlth    ..........             b - amulet of faith
HPRegen  0.33/turn              n - +5 ring of dexterity
MPRegen  0.17/turn              a - ring of see invisible

@: petrifying, flying, repel missiles, very slow
A: retaliatory headbutt, horns 2
a: Heroism, Finesse, Renounce Religion, Stop Flying


You were on level 2 of the Depths.
You worshipped Okawaru.
Okawaru was exalted by your worship.
You were not hungry.

You visited 3 branches of the dungeon, and saw 18 of its levels.

You collected 945 gold pieces.
You spent 588 gold pieces at shops.


Innate Abilities, Weirdness & Mutations

You reflexively headbutt those who attack you in melee.
You have a pair of horns on your head.


   Skills:
 * Level 15.5 Fighting
   Level 10.6(13.4) Axes
 * Level 13.7(14.9) Maces & Flails
 + Level 14.2 Armour
 + Level 14.2 Shields
 + Level 9.3 Evocations


You had 14 spell levels left.
You didn't know any spells.
Your spell library contained the following spells:

 Spells                   Type           Power        Failure   Level  Hunger
 Animate Skeleton         Necr           N/A          99%         1    ##.....
 Beastly Appendage        Tmut           #.....       99%         1    ##.....
 Magic Dart               Conj           #...         99%         1    ##.....
 Pain                     Necr           #...         99%         1    ##.....
 Summon Small Mammal      Summ           #...         99%         1    ##.....
 Call Imp                 Summ           #.......     100%        2    ###....
 Searing Ray              Conj           #.....       100%        2    ###....
 Sticks to Snakes         Tmut           #.......     100%        2    ###....
 Call Canine Familiar     Summ           #.......     100%        3    ####...
 Dazzling Spray           Conj/Hex       #.....       100%        3    ####...
 Regeneration             Chrm/Necr      #.........   100%        3    ####...
 Spider Form              Tmut/Pois      #.........   100%        3    ####...
 Summon Guardian Golem    Hex/Summ       #.......     100%        3    ####...
 Vampiric Draining        Necr           #.........   100%        3    ####...
 Animate Dead             Necr           N/A          100%        4    #####..
 Force Lance              Conj/Tloc      #.......     100%        4    #####..
 Fulminant Prism          Conj/Hex       #.........   100%        4    #####..
 Ice Form                 Ice/Tmut       #.......     100%        4    #####..
 Iskenderun's Mystic Bla  Conj           #.......     100%        4    #####..
 Summon Ice Beast         Ice/Summ       #.......     100%        4    #####..
 Summon Lightning Spire   Summ/Air       #.......     100%        4    #####..
 Blade Hands              Tmut           #.........   100%        5    ######.
 Silence                  Hex/Air        #.........   100%        5    ######.
 Conjure Ball Lightning   Conj/Air       #.........   100%        6    #######
 Deflect Missiles         Chrm/Air       #.........   100%        6    #######
 Tornado                  Air            #.........   100%        9    #######

Inventory:

Hand Weapons
 G - a +7 eveningstar of draining (weapon)
   (You took it off Urug on level 10 of the Dungeon)
Missiles
 q - 18 atropa-tipped darts (quivered)
 x - 7 datura-tipped darts
Armour
 w - a +2 hat of intelligence (worn)
   (You took it off Gastronok on level 11 of the Dungeon)
 y - the +4 large shield of Qerottun {rElec rN+ MR+ Dex-3}
   (You found it on level 5 of the Dungeon)

   It affects your dexterity (-3).
   It insulates you from electricity.
   It protects you from negative energy.
   It affects your resistance to hostile enchantments.
 A - a +1 pair of boots of flying (worn)
   (You bought it in a shop on level 6 of the Dungeon)
 C - a +0 plate armour (worn)
 H - the +2 buckler "Deniges" (worn) {rF++ rC+}
   (Okawaru gifted it to you on level 1 of the Depths)

   It greatly protects you from fire.
   It protects you from cold.
 J - a scarf of repulsion (worn)
   (Okawaru gifted it to you on level 9 of the Dungeon)
 N - a +2 pair of gloves of dexterity (worn)
   (Okawaru gifted it to you on level 15 of the Dungeon)
Jewellery
 a - a ring of see invisible (right hand)
 b - an amulet of faith (around neck)
 j - an uncursed ring of poison resistance
 n - a +5 ring of dexterity (left hand)
 r - an uncursed ring of ice
 s - an uncursed ring of positive energy
Wands
 c - a wand of acid (15)
 m - a wand of polymorph (11)
 B - a wand of digging (5)
 L - a wand of paralysis (5)
Scrolls
 d - 4 scrolls of remove curse
 e - 8 scrolls of teleportation
 l - 6 scrolls of identify
 v - a scroll of fear
 E - 2 scrolls of magic mapping
 F - 2 scrolls of amnesia
Potions
 g - a potion of haste
 h - 6 potions of curing
 i - a potion of mutation
 k - 2 potions of flight
 o - 3 potions of magic
 p - 4 potions of degeneration
 t - a potion of agility
 u - 2 potions of lignification
 I - a potion of berserk rage
 K - 2 potions of invisibility
Comestibles
 f - 24 rations


Message History

You feel less confused.
The boggart mumbles some strange words.
You block the great orb of eyes's attack.
The boggart gestures wildly while chanting.
You sock the boggart!
You headbutt the boggart, but do no damage.
The boggart is heavily wounded.
You block the boggart's attack.
You block the great orb of eyes's attack.
The boggart casts a spell.
The boggart flickers and vanishes for a moment.
You closely miss the boggart.
The boggart is heavily wounded.
The yaktaur wields a +0 arbalest.
The yaktaur shoots a bolt.
The bolt hits you!
The bolt dissolves into shadows!
The yaktaur wields a +4 arbalest.
The yaktaur shoots a bolt.
You block the bolt.
The bolt dissolves into shadows!
The yaktaur hits you but does no damage.
The boggart hits you but does no damage.
The great orb of eyes gazes at you. You resist with significant effort.
You take 13 damage.
You beat the boggart like a drum!!!
You kill the boggart!
Okawaru accepts your kill.
The yaktaur dissolves into shadows! x5
The sentinel's mark upon you fades away.
You hit the great orb of eyes. You drain the great orb of eyes.
You headbutt the great orb of eyes.
The great orb of eyes is almost dead.
The great orb of eyes bites you but does no damage.
The boggart mumbles some strange words.
You hit the great orb of eyes.
You kill the great orb of eyes!
Okawaru accepts your kill.
The boggart casts a spell.
The boggart gestures wildly while chanting.
The phantasmal warrior blinks! x2
Okay, then.
You feel better.
The basilisk bites you but does no damage.
The vampire knight barely misses you. You furiously retaliate!
You headbutt the vampire knight! The vampire knight bites you!
The vampire knight draws strength from your injuries!
The boggart casts a spell.
You feel better. The basilisk gazes at you.
You are slowing down.
The phantasmal warrior hits you!
The phantasmal warrior blinks!
The vampire knight hits you with a +0 long sword!!
You die...

▒▒▒▒▒▒▒▒▒▒▒▒▒▒▒▒▒▒ ▒▒▒▒▒▒
∙∙∙∙∙∙∙∙∙∙∙∙∙∙#∙H▒▒▒▒▒▒▒▒▒
▒∙∙∙∙∙
∙∙∙∙∙∙∙∙∙∙≈≈≈≈WWVlgCg∙∙G∙▒
▒∙∙∙∙∙
∙∙∙∙∙∙∙∙∙∙≈≈▒▒▒≈∙▒▒▒▒▒Cc∙▒
▒∙∙∙∙∙ ∙∙∙∙∙∙∙∙∙∙≈≈▒ ▒≈∙▒
▒∙▒∙▒ ▒∙∙∙∙∙ ∙∙∙∙∙∙∙∙∙∙≈≈▒
▒#∙▒ ▒∙▒)▒▒▒∙∙∙∙∙
∙∙∙∙∙∙∙∙∙∙≈≈▒▒▒≈∙▒
▒∙▒∙∙∙'∙∙∙∙∙
∙∙∙∙∙∙∙∙∙∙≈≈≈≈≈≈∙▒
▒∙▒∙▒▒▒∙∙∙∙∙
∙∙∙∙∙∙∙∙∙∙∙∙∙∙∙∙∙▒ ▒∙▒∙▒
▒∙∙∙∙∙ ∙∙∙∙∙∙∙∙∙∙∙∙∙∙∙∙∙▒
▒∙▒∙▒▒▒▒▒▒∙∙


You could see 2 fire giants, a vampire knight, 2 phantasmal warriors, a yaktaur,
a basilisk, 2 boggarts and a floating eye.

Vanquished Creatures
  Gastronok (D:11)
  2 frost giants
  A stone giant (Depths:1)
  Nessos (D:12)
  Snorg (D:10)
  2 yaktaur captains
  A fire dragon (Depths:1)
  3 great orbs of eyes (Depths:2)
  A hell beast (Depths:1)
  A rakshasa (D:15)
  A hydra (D:15)
  2 ice dragons
  6 centaur warriors
  11 two-headed ogres
  6 tengu warriors
  A deep troll shaman (Depths:1)
  Urug (D:10)
  2 ogre magi
  8 hell knights
  3 deep troll earth magi
  An iron troll (D:15)
  5 skeletal warriors
  3 unseen horrors
  2 glowing orange brains (Depths:2)
  5 deep trolls
  An orc knight (D:13)
  2 manticores
  14 ugly things
  2 cyclopes
  A rust devil (Depths:1)
  A water nymph (shapeshifter) (D:15)
  7 centaur skeletons
  2 gargoyles
  2 kobold demonologists
  15 yaktaurs
  A freezing wraith (Depths:1)
  6 trolls
  5 tengu conjurers
  6 hornets
  Prince Ribbit (D:5)
  5 slime creatures (Depths:1)
  A meliai zombie (D:14)
  A snapping turtle (shapeshifter) (Depths:1)
  4 hippogriffs
  A vampire (D:13)
  A wraith (D:14)
  3 water elementals
  12 yaks
  A fire bat (D:12)
  2 wyverns
  Eustachio (D:4)
  2 basilisks (D:15)
  3 vampire mosquitoes (D:15)
  A hell hound (Depths:1)
  3 sky beasts
  Duvessa (D:4)
  7 ice beasts
  A black bear (D:13)
  9 orc warriors
  2 phantoms (D:7)
  A boggart (Depths:2)
  3 eyes of draining (D:9)
  14 ogres
  27 centaurs
  3 crocodiles
  8 big kobolds
  6 bullfrogs
  Dowan (D:4)
  4 scorpions
  2 wyvern skeletons
  15 killer bees
  11 wights
  3 centaur zombies
  7 crimson imps
  4 bullfrog zombies
  5 human zombies (D:14)
  9 hounds
  A human skeleton (D:14)
  5 orc priests
  2 bullfrog skeletons
  5 jellies
  5 iguanas
  Natasha (thrice) (Temple)
  Ijyb (D:4)
  12 orc wizards
  15 worker ants
  A killer bee zombie (D:6)
  2 hound skeletons
  2 mummies (D:14)
  2 worker ant zombies
  19 adders
  5 shadow imps
  12 white imps (D:14)
  2 oozes
  2 worms
  2 dart slugs (D:1)
  5 leopard geckos
  45 orcs
  10 bats
  9 giant cockroaches
  3 goblins
  10 hobgoblins
  3 jackals (D:9)
  2 quokkas (D:5)
  A ball python (D:1)
  6 frilled lizards
  20 kobolds
  A leopard gecko skeleton (D:7)
  An orc zombie (D:14)
  A quokka skeleton (D:4)
  A quokka zombie (D:6)
  10 rats
547 creatures vanquished.

Vanquished Creatures (others)
  A withered plant (D:5)
1 creature vanquished.

Grand Total: 548 creatures vanquished

Notes
Turn   | Place    | Note
-------+----------+-------------------------------------------
     0 | D:1      | flappity the Minotaur Fighter began the quest for the Orb.
     0 | D:1      | Reached XP level 1. HP: 19/19 MP: 0/0
   148 | D:1      | Reached XP level 2. HP: 25/27 MP: 1/1
   403 | D:1      | Reached skill level 4 in Fighting
   403 | D:1      | Reached skill level 4 in Shields
   406 | D:1      | Reached skill level 4 in Armour
   453 | D:1      | Reached skill level 3 in Axes
   554 | D:1      | Reached XP level 3. HP: 33/33 MP: 2/2
   779 | D:2      | Found a basalt altar of Yredelemnul.
  1056 | D:2      | Found a sparkling altar of Nemelex Xobeh.
  1390 | D:2      | Reached XP level 4. HP: 39/40 MP: 3/3
  1970 | D:3      | Reached XP level 5. HP: 45/47 MP: 4/4
  2092 | D:3      | Reached skill level 4 in Axes
  2359 | D:4      | Noticed Ijyb
  2378 | D:4      | Killed Ijyb
  2378 | D:4      | Reached skill level 5 in Armour
  2378 | D:4      | Reached skill level 5 in Shields
  2390 | D:4      | Reached skill level 5 in Fighting
  2390 | D:4      | Reached XP level 6. HP: 36/56 MP: 5/5
  2563 | D:4      | Noticed Eustachio
  2591 | D:4      | Killed Eustachio
  2732 | D:4      | Found a staircase to the Ecumenical Temple.
  2735 | D:4      | Noticed Natasha
  2743 | Temple   | Entered the Ecumenical Temple
  2744 | Temple   | Killed Natasha
  2747 | Temple   | Reached skill level 5 in Axes
  2923 | Temple   | Noticed Natasha
  2928 | Temple   | Killed Natasha
  2928 | Temple   | Reached XP level 7. HP: 60/62 MP: 6/6
  2971 | Temple   | Noticed Natasha
  2978 | Temple   | Killed Natasha
  2987 | Temple   | Became a worshipper of Warmaster Okawaru
  3010 | D:4      | Noticed Duvessa
  3014 | D:4      | Killed Duvessa
  3014 | D:4      | Reached skill level 6 in Armour
  3014 | D:4      | Reached skill level 6 in Shields
  3015 | D:4      | Noticed Dowan
  3024 | D:4      | Killed Dowan
  3024 | D:4      | Reached skill level 6 in Fighting
  3057 | D:4      | Found a burning altar of Makhleb.
  3098 | D:4      | Found an opulent altar of Gozag.
  3570 | D:5      | Entered Level 5 of the Dungeon
  3579 | D:5      | Reached * piety under Okawaru
  3620 | D:5      | Got a scorched large shield
  3761 | D:5      | Found an ancient bone altar of Kikubaaqudgha.
  3783 | D:5      | Reached skill level 6 in Axes
  3783 | D:5      | Reached XP level 8. HP: 31/71 MP: 7/7
  4151 | D:5      | Reached skill level 7 in Shields
  4287 | D:5      | Noticed Prince Ribbit
  4290 | D:5      | Reached skill level 7 in Armour
  4293 | D:5      | Killed Prince Ribbit
  4293 | D:5      | Reached skill level 7 in Fighting
  4482 | D:5      | Reached skill level 7 in Axes
  4642 | D:5      | Reached ** piety under Okawaru
  4949 | D:6      | Reached skill level 8 in Shields
  5163 | D:6      | Reached skill level 8 in Armour
  5163 | D:6      | Reached XP level 9. HP: 81/81 MP: 8/8
  5251 | D:6      | Reached skill level 8 in Fighting
  5492 | D:5      | Identified the +4 large shield of Qerottun {rElec rN+ MR+
                  | Dex-3} (You found it on level 5 of the Dungeon)
  5717 | D:6      | Found Akaympex's General Store.
  5731 | D:6      | Bought a +0 pair of boots of flying for 138 gold pieces
  5858 | D:6      | Found a sparkling altar of Nemelex Xobeh.
  6157 | D:7      | Reached skill level 8 in Axes
  6260 | D:7      | Reached *** piety under Okawaru
  6613 | D:8      | Reached skill level 9 in Fighting
  6634 | D:7      | Reached skill level 9 in Shields
  6637 | D:7      | HP: 24/83 [poisoned by a killer bee]
  6642 | D:7      | HP: 20/83 [poisoned by a killer bee]
  6647 | D:7      | HP: 19/83 [poisoned by a killer bee]
  6652 | D:7      | HP: 17/83 [poisoned by a killer bee]
  6658 | D:7      | HP: 16/83 [poisoned by a killer bee]
  6666 | D:7      | HP: 16/83 [poisoned by a killer bee]
  6965 | D:7      | Reached skill level 1 in Evocations
  6995 | D:8      | Reached skill level 9 in Armour
  7093 | D:8      | Noticed a two-headed ogre
  7429 | D:7      | Killed a two-headed ogre
  7429 | D:7      | Reached **** piety under Okawaru
  7429 | D:7      | Reached XP level 10. HP: 50/92 MP: 8/10
  7698 | D:8      | Reached skill level 2 in Evocations
  7742 | D:8      | Reached skill level 10 in Fighting
  7742 | D:8      | Reached skill level 9 in Axes
  7803 | D:8      | Paralysed by a hornet for 3 turns
  7817 | D:8      | Paralysed by a hornet for 1 turns
  7826 | D:8      | Paralysed by a hornet for 1 turns
  7832 | D:8      | Reached ***** piety under Okawaru
  8143 | D:8      | Received a gift from Okawaru
  8167 | D:8      | Noticed an orange demon
  8167 | D:8      | Noticed an orange demon
  8168 | D:8      | Noticed an orange demon
  8172 | D:8      | Found a burning altar of Makhleb.
  8293 | D:8      | Found a glowing silver altar of Zin.
  8293 | D:8      | Found a hazy altar of Hepliaklqana.
  8348 | D:8      | Found a shadowy altar of Dithmenos.
  8917 | D:9      | Reached skill level 3 in Evocations
  8943 | D:9      | Noticed a two-headed ogre
  8956 | D:9      | HP: 14/94 [two-headed ogre/cursed -3 giant club (17)]
  8964 | D:9      | HP: 4/94 [bullfrog (6)]
  9357 | D:9      | Noticed a two-headed ogre
  9371 | D:9      | Killed a two-headed ogre
  9371 | D:9      | Reached skill level 11 in Fighting
  9371 | D:9      | Reached skill level 10 in Armour
  9371 | D:9      | Reached skill level 10 in Shields
  9516 | D:9      | Received a gift from Okawaru
  9786 | D:9      | Reached XP level 11. HP: 90/102 MP: 12/12
  9864 | D:9      | Killed a two-headed ogre
 10018 | D:9      | Got an iridescent long sword
 10019 | D:9      | Identified the +6 long sword of Dakite {protect, Str+3}
                  | (You found it on level 9 of the Dungeon)
 10033 | D:9      | You are sucked into a shaft and drop 3 floors!
 10033 | D:12     | Noticed Nessos
 10254 | D:10     | Entered Level 10 of the Dungeon
 10368 | D:10     | Noticed Snorg
 10376 | D:10     | Noticed Sonja
 10387 | D:10     | HP: 29/102 [Snorg (12)]
 10454 | D:10     | Reached skill level 4 in Evocations
 10961 | D:9      | Reached skill level 10 in Axes
 11634 | D:10     | Found a staircase to the Orcish Mines.
 11657 | D:10     | Found a roughly hewn altar of Beogh.
 11792 | D:10     | Reached skill level 12 in Fighting
 12089 | D:10     | Killed Snorg
 12089 | D:10     | Reached ****** piety under Okawaru
 12353 | D:10     | Noticed Urug
 12378 | D:10     | Killed Urug
 12378 | D:10     | Reached skill level 5 in Evocations
 12476 | D:6      | Bought a scroll of brand weapon for 240 gold pieces
 12697 | D:10     | Received a gift from Okawaru
 12922 | D:11     | Found a runed translucent gate.
 12922 | D:11     | Found a runed translucent gate.
 12922 | D:11     | Found a runed translucent gate.
 12922 | D:11     | Noticed a brown ugly thing
 12922 | D:11     | Noticed a red ugly thing
 12922 | D:11     | Noticed a purple ugly thing
 12922 | D:11     | Noticed a cyan ugly thing
 13164 | D:11     | Reached skill level 1 in Maces & Flails
 13231 | D:11     | Found a staircase to the Lair.
 13352 | D:11     | Reached skill level 11 in Armour
 13352 | D:11     | Reached skill level 11 in Shields
 13422 | D:11     | Noticed Gastronok
 13437 | D:11     | Killed Gastronok
 13437 | D:11     | Received a gift from Okawaru
 13437 | D:11     | Reached skill level 3 in Maces & Flails
 13437 | D:11     | Reached XP level 12. HP: 84/113 MP: 13/15
 13899 | D:11     | Reached skill level 4 in Maces & Flails
 14020 | D:11     | Reached skill level 13 in Fighting
 14258 | D:11     | Found a runed translucent gate.
 14258 | D:11     | Found a runed translucent gate.
 14260 | D:11     | Noticed Datul's ghost (journeyman TeAE)
 14264 | D:11     | Found a runed translucent gate.
 14368 | D:12     | Noticed a two-headed ogre
 14376 | D:12     | Killed a two-headed ogre
 14397 | D:12     | Reached skill level 5 in Maces & Flails
 14947 | D:12     | Killed Nessos
 14947 | D:12     | Reached skill level 6 in Evocations
 15151 | D:12     | Noticed Psyche
 15164 | D:12     | Noticed Psyche
 15164 | D:12     | Psyche changed into Psyche the fire bat
 15166 | D:12     | Killed Psyche the fire bat
 15251 | D:12     | Reached skill level 6 in Maces & Flails
 15534 | D:13     | Noticed a centaur warrior
 15553 | D:12     | Killed a centaur warrior
 15675 | D:13     | Reached skill level 7 in Maces & Flails
 15753 | D:13     | Noticed a tengu warrior
 15769 | D:13     | Killed a tengu warrior
 15769 | D:13     | Received a gift from Okawaru
 15871 | D:13     | Reached skill level 12 in Armour
 15871 | D:13     | Reached skill level 12 in Shields
 15907 | D:13     | Noticed a tengu warrior
 15953 | D:13     | Killed a tengu warrior
 15953 | D:13     | Received a gift from Okawaru
 16224 | D:13     | Reached skill level 8 in Maces & Flails
 16495 | D:14     | Reached XP level 13. HP: 111/122 MP: 15/17
 17074 | D:14     | Found a frozen archway.
 17642 | D:14     | Reached skill level 7 in Evocations
 17647 | D:14     | Reached skill level 9 in Maces & Flails
 18253 | D:14     | Found a gate to the Vaults.
 18431 | D:14     | Found an ancient bone altar of Kikubaaqudgha.
 18543 | D:14     | Received a gift from Okawaru
 18546 | D:14     | Got a transparent plate armour {god gift}
 18547 | D:14     | Identified the +4 plate armour of Starshine {-Tele rElec
                  | MR+ Dex+2} (Okawaru gifted it to you on level 14 of the
                  | Dungeon)
 18868 | D:15     | Entered Level 15 of the Dungeon
 19001 | D:15     | Found Duigroele's Armour Boutique.
 19023 | D:15     | Found Docvixzohe's Distillery.
 19029 | D:15     | Reached skill level 14 in Fighting
 19070 | D:15     | Bought a potion of heal wounds for 70 gold pieces
 19070 | D:15     | Bought a potion of heal wounds for 70 gold pieces
 19070 | D:15     | Bought a potion of heal wounds for 70 gold pieces
 19090 | D:15     | Found Sunazxidd's Food Shop.
 19164 | D:15     | Found Wyvoirph's Assorted Antiques.
 19342 | D:15     | Reached skill level 10 in Maces & Flails
 19415 | D:15     | Found Biogicosm's Antique Weapon Boutique.
 20033 | D:15     | Found a staircase to the Depths.
 20140 | D:15     | Received a gift from Okawaru
 20344 | D:15     | Reached skill level 13 in Shields
 20674 | D:15     | Found a runed translucent gate.
 20674 | D:15     | Found a runed translucent gate.
 20674 | D:15     | Found an ancient bone altar of Kikubaaqudgha.
 20674 | D:15     | Found a runed translucent gate.
 20675 | D:15     | Noticed Coron's ghost (adept DDCK)
 20675 | D:15     | Noticed MuffinSoup's ghost (journeyman OpWz)
 20675 | D:15     | Noticed Wicer's ghost (journeyman MfGl)
 20676 | D:15     | Noticed a lich
 20676 | D:15     | Noticed a lich
 20980 | Depths:1 | Entered Level 1 of the Depths
 21070 | Depths:1 | Reached skill level 13 in Armour
 21087 | D:15     | HP: 31/125 [iron troll (20)]
 21093 | D:15     | HP: 15/125 [deep troll (6)]
 21095 | D:15     | Reached skill level 11 in Maces & Flails
 21095 | D:15     | Reached XP level 14. HP: 36/133 MP: 18/18
 21521 | Depths:1 | Noticed a stone giant
 21541 | Depths:1 | Killed a stone giant
 21541 | Depths:1 | Reached skill level 8 in Evocations
 21616 | Depths:1 | Noticed a frost giant
 21633 | Depths:1 | Killed a frost giant
 22871 | Depths:1 | Found Enum's Food Shop.
 23081 | Depths:1 | Found Viagaps's Magic Scroll Boutique.
 23135 | Depths:1 | Found a gateway to Hell.
 23148 | Depths:1 | Received a gift from Okawaru
 23241 | Depths:1 | Reached skill level 12 in Maces & Flails
 23369 | Depths:1 | Found Suraxzan's Antique Armour Shoppe.
 23507 | Depths:1 | Found Vyud's Antique Weapon Shop.
 23534 | Depths:1 | Found a glowing golden altar of the Shining One.
 23867 | Depths:1 | Received a gift from Okawaru
 23932 | D:15     | Reached skill level 15 in Fighting
 24286 | Depths:1 | Found Ramocucvuu's Jewellery Shop.
 24750 | Depths:1 | Received a gift from Okawaru
 24753 | Depths:1 | Got a jewelled buckler {god gift}
 24756 | Depths:1 | Identified the +2 buckler "Deniges" {rF++ rC+} (Okawaru
                  | gifted it to you on level 1 of the Depths)
 25025 | Depths:1 | Reached skill level 13 in Maces & Flails
 25122 | Depths:1 | Reached skill level 9 in Evocations
 25562 | Depths:1 | Reached skill level 14 in Shields
 25740 | Depths:2 | Reached XP level 15. HP: 126/141 MP: 20/20
 25787 | Depths:2 | Reached skill level 14 in Armour
 26375 | Depths:2 | Found a gateway to a ziggurat.
 26554 | Depths:2 | Noticed a frost giant
 26563 | Depths:2 | Killed a frost giant
 26563 | Depths:2 | Received a gift from Okawaru
 26884 | Depths:2 | Noticed a storm dragon
 26888 | Depths:2 | HP: 42/141 [spark wasp (17)]
 26896 | Depths:2 | Paralysed by a great orb of eyes for 5 turns
 26908 | Depths:2 | HP: 16/141 [disintegration (20)]
 26916 | Depths:2 | HP: 5/141 [yaktaur/bolt[a boggart] (14)]
 26916 | Depths:2 | Noticed a fire giant
 26921 | Depths:2 | HP: 8/141 [vampire knight/+0 long sword[a boggart] (7)]
 26922 | Depths:2 | Noticed a fire giant
 26922 | Depths:2 | Slain by a vampire knight

Levels and vault maps discovered:
D:1:      dpeg_arrival_windows_large_door, layout_basic
D:2:      layout_loops_corners, lemuel_crystal_altar, nemelex_spade_bored_becter
D:3:      layout_rooms
D:4:      layout_basic, nicolae_gozag_cash_rules_everything_around_me,
          minmay_temple_entry_stoned_glass, makhleb_heckhound_becter,
          uniq_duvessa, uniq_eustachio, uniq_ijyb, uniq_natasha
D:5:      layout_basic, kiku_gazebo_garden_becter, first_ration, serial_rivers,
          chequers_serial_rivers_micro_a, chequers_serial_rivers_room_b,
          chequers_serial_rivers_large_a, chequers_serial_rivers_micro_e,
          uniq_prince_ribbit1
D:6:      layout_rooms, serial_shops, shop, nemelex_diamond_rough_becter
D:7:      layout_basic
D:8:      layout_rooms, gammafunk_temple_overflow_elements,
          grunt_dithmenos_smoke, hangedman_pestilent_swarm, lemuel_hellish_altar
D:9:      minmay_octagon_keep, layout_irregular_city
D:10:     layout_irregular_city, minmay_orc_entry_temple_small,
          kennysheep_nondescript, nicolae_two_hexagons, uniq_urug, uniq_snorg,
          uniq_sonja
D:11:     layout_grid_maze, lair_entry_dummy,
          ploomutoo_gammafunk_ghost_potion_laboratory, uniq_gastronok
D:12:     layout_long_grid, uniq_psyche, uniq_nessos
D:13:     layout_irregular_city, skrybe_limestone_x, minivault_16
D:14:     layout_basic, hangedman_vaults_entry_quadrant_bands,
          nrook_pool_corridor, portal_ice_cave_entry_imps,
          lemuel_mausoleum_altar_kikubaaqudgha
D:15:     grunt_enter_depths_snipers, layout_loops_ring, gammafunk_ghost_crypt,
          serial_co_window_serial, co_window_of_opportunity_a,
          co_window_paths_a, co_window_paths_b, co_window_paths_a,
          co_window_paths_a, co_window_corner_a, co_window_paths_b,
          co_window_corner_cb, co_window_2corner, co_window_paths_c,
          co_window_unsneaky_path_a, co_window_corner_ca, glass_columns_b,
          glass_columns_c, glass_columns_a, serial_shops, shop,
          nicolae_shop_behind_doors, shop, shop, nicolae_shop_trees
Temple:   regret_index_temple_sphere_string
Depths:1: layout_cave_shapes, kennysheep_pointless_box, serial_shops,
          nicolae_shop_waterfront, shop, kennysheep_mini_moat, shop,
          grunt_mini_vestibule, minmay_shop_enchanted_jewellery,
          hangedman_decor_slide_cut, tso_altar
Depths:2: minmay_nine_rooms, layout_gridlike, enter_ziggurat_f,
          minmay_misc_feat_more_columns, hell_entry, rand_demon_pan_entry_7,
          kennysheep_nub, grunt_decor_one_mirror, kennysheep_cluttered_room

Action                   |  1- 3 |  4- 6 |  7- 9 | 10-12 | 13-15 || total
-------------------------+-------+-------+-------+-------+-------++-------
Melee: War axe           |    99 |   118 |   283 |   448 |       ||   948
       Headbutt          |    13 |    27 |    62 |   179 |   228 ||   509
       Eveningstar       |       |       |       |   284 |   766 ||  1050
Throw: Dart              |       |       |     9 |     2 |       ||    11
Evoke: Wand              |       |       |       |     4 |     2 ||     6
  Use: Scroll            |       |     7 |     1 |    25 |    10 ||    43
       Potion            |       |       |     1 |     5 |     7 ||    13
  Eat: Chunk             |     2 |     5 |     8 |    19 |    23 ||    57
       Ration            |       |       |     2 |     3 |     3 ||     8
Armor: Scale mail        |    56 |    85 |    88 |    12 |       ||   241
       Plate armour      |       |       |       |   349 |   335 ||   684
       Skin              |       |       |       |    54 |       ||    54
Dodge: Dodged            |    29 |    46 |    66 |    87 |    91 ||   319
       Deflected         |       |       |       |    19 |    27 ||    46
Block: Shield            |    46 |    65 |    68 |       |       ||   179
       Large shield      |       |       |   161 |  1038 |   781 ||  1980
       Buckler           |       |       |       |       |    64 ||    64
